 Dungeon Crawl Stone Soup version 0.29-a0-393-g47a863cc1b (webtiles) character file.

Game seed: 16289128000005547910

73860 croobank the Covert (level 15, -7/180 HPs)
             Began as a Gnoll Delver on May 10, 2022.
             Was an Initiate of Gozag.
             Mangled by a +0 vorpal battleaxe (12 damage)
             ... on level 1 of the Elven Halls.
             The game lasted 03:00:56 (38378 turns).

croobank the Covert (Gnoll Delver)                 Turns: 38378, Time: 03:00:57

Health: -7/180     AC: 22    Str: 12    XL:     15   Next: 44%
Magic:  40/40      EV: 18    Int: 20    God:    Gozag
Gold:   5250       SH:  0    Dex: 19    Spells: 8/39 levels left

rFire   . . .      SeeInvis .   J - +5 battleaxe "Moel" {protect, Fragile +Blink Int+4}
rCold   + . .      Faith    .   (shield currently unavailable)
rNeg    . . .      Spirit   .   m - +0 acid dragon scales
rPois   +          Reflect  .   B - +0 hat {Stlth+}
rElec   .          Harm     .   V - +1 cloak
rCorr   +          Rampage  .   A - +0 pair of gloves
Will    +....                   i - +1 pair of boots
Stlth   ..........              z - amulet of magic regeneration
HPRegen 0.40/turn               U - ring of Zileen {rPois Dex+5}
MPRegen 0.67/turn               n - ring of magical power

@: berserking, on fire, gold aura, under a protective aura, very slightly
contaminated, glowing, studying Spellcasting, very quick
A: fangs 1, strong nose, distributed training, cold resistance 1, screaming 1
a: Renounce Religion, Evoke Blink, Potion Petition, Call Merchant, Bribe Branch


You were on level 1 of the Elven Halls.
You worshipped Gozag.
Gozag was greatly pleased with you.
You visited 5 branches of the dungeon, and saw 23 of its levels.
You also visited: Ossuary.

You collected 7594 gold pieces.
You spent 881 gold pieces at shops.
You paid 1463 gold pieces to Gozag.

Inventory:

Hand Weapons
 J - the +5 battleaxe "Moel" (weapon) {protect, Fragile +Blink Int+4}
   (You bought it in a shop on level 2 of the Orcish Mines)

   It grants its wielder temporary protection when it strikes (+7 to AC).
   Int:       It affects your intelligence (+4).
   +Blink:    It lets you blink.
   Fragile:   It will be destroyed if unequipped.
 X - a +2 spectral quarterstaff
Missiles
 r - a throwing net
 H - 4 curare-tipped darts (quivered)
Armour
 i - a +1 pair of boots (worn)
 m - +0 acid dragon scales (worn)
 A - a +0 pair of gloves (worn)
 B - a +0 hat of stealth (worn)
 E - a +2 helmet
 T - a +0 kite shield
 V - a +1 cloak (worn)
Jewellery
 k - a +6 ring of strength
 n - a ring of magical power (right hand)
 x - a +6 ring of dexterity
 y - an amulet of guardian spirit
 z - an amulet of magic regeneration (around neck)
 D - a +6 ring of dexterity
 K - a ring of wizardry
 P - a ring of willpower
 U - the ring of Zileen (left hand) {rPois Dex+5}
   (You bought it in a shop on level 2 of the Orcish Mines)

   [ring of poison resistance]

   Dex:       It affects your dexterity (+5).
   rPois:     It protects you from poison.
 Y - a +4 ring of protection
 Z - a ring of fire
Wands
 a - a wand of acid (8)
 l - a wand of charming (1)
 s - a wand of flame (48)
 u - a wand of digging (5)
 M - a wand of iceblast (8)
 O - a wand of paralysis (5)
 Q - a wand of mindburst (8)
Scrolls
 c - 5 scrolls of fog
 h - a scroll of immolation
 j - 6 scrolls of magic mapping
 v - 6 scrolls of teleportation
 C - 2 scrolls of amnesia
 L - 3 scrolls of poison
 N - a scroll of blinking
 R - 2 scrolls of summoning
 W - 8 scrolls of identify
Potions
 d - 6 potions of ambrosia
 e - 3 potions of curing
 f - 3 potions of haste
 g - a potion of cancellation
 o - 3 potions of magic
 p - 4 potions of resistance
 q - 2 potions of mutation
 t - 6 potions of brilliance
 w - 5 potions of lignification
 F - 2 potions of invisibility
 G - 4 potions of might
 I - 4 potions of flight
 S - 3 potions of berserk rage
Miscellaneous
 b - a phial of floods


   Skills:
 + Level 12.0 Fighting
 + Level 10.1 Short Blades
 + Level 10.1 Long Blades
 + Level 11.1 Axes
 + Level 10.1 Maces & Flails
 + Level 10.1 Polearms
 + Level 10.1 Staves
 + Level 10.1 Slings
 + Level 10.1 Bows
 + Level 10.1 Crossbows
 + Level 10.1 Throwing
 + Level 10.1 Armour
 + Level 11.1 Dodging
 + Level 13.7 Stealth
 + Level 10.1 Shields
 + Level 10.1 Unarmed Combat
 + Level 12.9 Spellcasting
 + Level 8.4 Conjurations
 + Level 8.4 Hexes
 + Level 8.4 Summonings
 + Level 8.4 Necromancy
 + Level 8.4 Translocations
 + Level 8.4 Transmutations
 + Level 8.4 Fire Magic
 + Level 8.4 Ice Magic
 + Level 8.4 Air Magic
 + Level 8.4 Earth Magic
 + Level 8.4 Poison Magic
 + Level 11.0 Invocations
 + Level 10.1 Evocations


You had 8 spell levels left.
You knew the following spells:

 Your Spells              Type           Power      Damage    Failure   Level
a - Magic Dart            Conj           100%       1d8       1%          1
b - Foxfire               Conj/Fire      100%       2x1d9     1%          1
c - Mephitic Cloud        Conj/Pois/Air  46%        N/A       1%          3
d - Frozen Ramparts       Ice            92%        1d11      1%          3
e - Flame Wave            Conj/Fire      46%        2d10      2%          4
f - Sticky Flame          Conj/Fire      46%        2d6       2%          4
g - Stone Arrow           Conj/Erth      92%        3d12      1%          3
h - Confusing Touch       Hex            46%        N/A       1%          3
i - Yara's Violent Unrav  Hex/Tmut       23%        3d10      6%          5
j - Summon Ice Beast      Ice/Summ       46%        N/A       2%          4

Your spell library contained the following spells:

 Spells                   Type           Power      Damage    Failure   Level
 Animate Skeleton         Necr           92%        N/A       1%          1
 Freeze                   Ice            100%       1d11      1%          1
 Pain                     Necr           100%       1d9       1%          1
 Sandblast                Erth           92%        2d19      1%          1
 Blink                    Tloc           92%        N/A       1%          2
 Call Imp                 Summ           46%        N/A       1%          2
 Passwall                 Tmut/Erth      38%        N/A       1%          2
 Conjure Flame            Conj/Fire      46%        6-21      1%          3
 Gell's Gravitas          Tloc           46%        N/A       1%          3
 Ignite Poison            Fire/Tmut/Pois 46%        N/A       1%          3
 Inner Flame              Hex/Fire       46%        N/A       1%          3
 Teleport Other           Tloc           46%        N/A       1%          3
 Vampiric Draining        Necr           46%        2d9       1%          3
 Cause Fear               Hex            23%        N/A       2%          4
 Hailstorm                Conj/Ice       46%        3d11      2%          4
 Ice Form                 Ice/Tmut       46%        N/A       2%          4
 Manifold Assault         Tloc           46%        N/A       6%          5
 Dispersal                Tloc           23%        N/A       32%         6
 Enfeeble                 Hex            23%        N/A       88%         7
 Storm Form               Tmut/Air       23%        N/A       88%         7
 Discord                  Hex            23%        N/A       100%        8


Dungeon Overview and Level Annotations

Branches:
Dungeon (13/15)            Temple (1/1) D:4            Lair (6/6) D:10
  Swamp (0/4) Lair:3        Snake (0/4) Lair:4        Slime (0/5) Lair:6
    Orc (2/2) D:12            Elf (1/3) Orc:2       Ossuary (visited)
 Vaults: D:13-14

Altars:
Cheibriados
Gozag
Kikubaaqudgha
Makhleb
Nemelex Xobeh
Okawaru
Ru
Sif Muna
Wu Jian
Xom
Yredelemnul
Zin
The Shining One
Beogh
Jiyva
Lugonu

Shops:
D:13 [!   Orc:2 ([!=

Annotations:
D:10 2 transporters


Innate Abilities, Weirdness & Mutations

You have very sharp teeth.
Your uncanny sense of smell can sniff out nearby items.
Your experience applies equally to all skills.
Your flesh is cold resistant. (rC+)
You occasionally shout uncontrollably at your foes.


Message History

The deep elf zephyrmancer blinks!
Okay, then.
Okay, then. [a] - 345 gold - haste and heal wounds [b] - 378 gold - haste and brilliance [c] - 230 gold - heal wounds and berserk rage Purchase which effect?
You feel much better.
A red film seems to cover your vision as you go berserk!
You feel yourself moving faster!
You feel mighty! The +0 vorpal battleaxe hits you!
The deep elf zephyrmancer gestures at you while chanting.
The bolt of lightning hits you!!
* * * LOW HITPOINT WARNING * * *
The bolt of lightning hits you!!
* * * LOW HITPOINT WARNING * * *
Okay, then.
You are too berserk!
You are too berserk!
Unknown command.
Okay, then.
You are too berserk!
You are too berserk!
You slice the +0 vorpal battleaxe!!
The +0 vorpal battleaxe is almost destroyed.
You barely miss the deep elf pyromancer.
You barely miss the deep elf zephyrmancer.
The +0 vorpal battleaxe barely misses you.
You slash the deep elf pyromancer!
Your bite misses the deep elf pyromancer.
The deep elf pyromancer is almost dead.
You slash the deep elf zephyrmancer!
You kill the deep elf zephyrmancer!
You miss the +0 vorpal battleaxe.
The deep elf pyromancer gestures at you while chanting.
The sticky flame hits you but does no damage.
You are covered in liquid flames!
The +0 vorpal battleaxe hits you!
You die...
Your body crumbles into a pile of gold.

..###.# #.....#
#.....# #..⌠..#
#.....#
##.....##
#######$########
....#.$@$.#e....
....#.e(e.#.....
.⌠..'...<.+..⌠.
....#.....#.....
....#.....#...$.
#######'########
##.....##
#.....# #..⌠..#


You could see 2 deep elf pyromancers, a deep elf zephyrmancer and a +0 vorpal
battleaxe.

Vanquished Creatures
  Gastronok (D:9)
  An orc warlord (Orc:2)
  Erolcha (D:9)
  8 hydras
  3 boulder beetles
  A merfolk avatar (Lair:6)
  7 two-headed ogres
  3 catoblepae
  5 death yaks
  An orc high priest (Orc:2)
  A fire crab (Lair:5)
  2 sea snakes (Lair:6)
  2 bog bodies (Lair:3)
  A lindwurm (Lair:3)
  Pikel (D:8)
  7 deep elf pyromancers
  4 deep elf zephyrmancers
  3 orc knights (Orc:2)
  A cyclops (Orc:1)
  3 orc sorcerers (Orc:2)
  3 manticores (Lair:6)
  4 black mambas
  7 elephants
  Maggie (D:8)
  15 cane toads
  The ghost of royokou the Conjurer, a novice DgCj (D:4)
  An unseen horror (D:11)
  4 rime drakes
  9 komodo dragons
  A tengu conjurer (D:13)
  A wind drake (Lair:6)
  3 polar bears
  6 trolls
  3 hornets
  7 slime creatures (D:12)
  A meliai (D:13)
  4 dream sheep
  A blink frog (Lair:6)
  3 shadows (D:12)
  5 wyverns
  Eustachio (D:5)
  54 yaks
  2 wraiths
  3 basilisks
  2 steam dragons
  2 wargs (Orc:1)
  4 swamp worms (Lair:3)
  A naga (Lair:4)
  10 water moccasins
  A water moccasin (shapeshifter) (D:8)
  A black bear (Lair:2)
  24 orc warriors
  5 ogres
  A lemure (D:8)
  38 wolves
  12 centaurs
  3 kobold brigands
  9 bullfrogs
  A wyvern zombie (D:4)
  2 gnoll sergeants
  A scorpion (D:6)
  9 water moccasin zombies (Ossuary)
  7 wights
  3 troll zombies (D:12)
  4 killer bees (D:9)
  2 electric eels (Lair:3)
  A bullfrog zombie (D:4)
  A hound (D:6)
  9 jellies
  Crazy Yiuf (D:7)
  25 orc priests
  A bullfrog skeleton (D:4)
  3 gnoll shamans
  3 iguanas
  25 orc wizards
  A polar bear simulacrum (Lair:1)
  5 hell rats (Lair:6)
  3 ogre zombies (D:12)
  3 mummies
  18 gnolls
  11 adders
  A shadow imp (D:5)
  2 white imps
  2 adder zombies (Ossuary)
  5 worms
  A dart slug (D:1)
  91 orcs
  9 ball pythons
  8 bats
  4 endoplasms
  5 giant cockroaches
  6 hobgoblins
  7 jackals
  7 quokkas
  2 frilled lizards
  2 gnoll zombies (Ossuary)
  9 goblins
  A goblin zombie (D:12)
  A hobgoblin skeleton (D:12)
  8 hobgoblin zombies
  13 kobolds
  5 kobold zombies (Ossuary)
  4 orc skeletons (D:12)
  16 orc zombies
  7 rats
  A foxfire (D:10)
665 creatures vanquished.

Vanquished Creatures (collateral kills)
  A two-headed ogre (D:6)
  A deep elf pyromancer (Orc:1)
  An elephant (Lair:3)
  2 slime creatures (D:12)
  A basilisk (D:12)
  A black bear (D:6)
  2 wights (D:6)
  An orc priest (Orc:2)
  An orc wizard (D:9)
  3 orcs
  An orc zombie (D:12)
  5 foxfires
20 creatures vanquished.

Vanquished Creatures (others)
  Duvessa (D:6)
  A wight (D:6)
  Dowan (D:6)
  A gnoll (D:7)
  614 foxfires
  44 fungi
  44 plants
706 creatures vanquished.

Grand Total: 1391 creatures vanquished

Notes
Turn   | Place    | Note
-------+----------+-------------------------------------------
     0 | D:5      | Reached skill level 9 in Stealth
     0 | D:5      | croobank the Gnoll Delver began the quest for the Orb.
     0 | D:5      | Reached XP level 1. HP: 23/23 MP: 1/1
     6 | D:5      | Noticed an iguana
    65 | D:5      | Reached XP level 2. HP: 25/29 MP: 2/2
   215 | D:5      | Noticed Eustachio
   441 | D:3      | Identified a scroll of acquirement
   441 | D:3      | Acquired the +1 hat of the Villain {Dex+3}
   478 | D:3      | Learned a level 1 spell: Magic Dart
   763 | D:2      | Reached XP level 3. HP: 35/35 MP: 3/3
   780 | D:2      | Found a faded altar of an unknown god.
  1779 | D:1      | Reached skill level 1 in Invocations
  2071 | D:1      | Learned a level 1 spell: Foxfire
  2372 | D:1      | Reached skill level 1 in Short Blades
  2372 | D:1      | Reached skill level 1 in Long Blades
  2372 | D:1      | Reached skill level 1 in Maces & Flails
  2372 | D:1      | Reached skill level 1 in Polearms
  2372 | D:1      | Reached skill level 1 in Staves
  2372 | D:1      | Reached skill level 1 in Slings
  2372 | D:1      | Reached skill level 1 in Bows
  2372 | D:1      | Reached skill level 1 in Crossbows
  2372 | D:1      | Reached skill level 1 in Throwing
  2372 | D:1      | Reached skill level 1 in Armour
  2372 | D:1      | Reached skill level 1 in Shields
  2372 | D:1      | Reached skill level 1 in Unarmed Combat
  2372 | D:1      | Reached skill level 1 in Spellcasting
  2372 | D:1      | Reached skill level 1 in Evocations
  2489 | D:1      | Reached XP level 4. HP: 41/41 MP: 1/5
  3016 | D:3      | Reached skill level 1 in Conjurations
  3016 | D:3      | Reached skill level 1 in Hexes
  3016 | D:3      | Reached skill level 1 in Summonings
  3016 | D:3      | Reached skill level 1 in Necromancy
  3016 | D:3      | Reached skill level 1 in Translocations
  3016 | D:3      | Reached skill level 1 in Transmutations
  3016 | D:3      | Reached skill level 1 in Fire Magic
  3016 | D:3      | Reached skill level 1 in Ice Magic
  3016 | D:3      | Reached skill level 1 in Air Magic
  3016 | D:3      | Reached skill level 1 in Earth Magic
  3016 | D:3      | Reached skill level 1 in Poison Magic
  3533 | D:3      | Reached XP level 5. HP: 47/47 MP: 5/7
  4601 | D:4      | Found a runed translucent gate.
  4601 | D:4      | Found a runed translucent gate.
  4601 | D:4      | Found a runed translucent gate.
  4601 | D:4      | Noticed royokou's ghost (novice DgCj)
  4611 | D:4      | Reached XP level 6. HP: 40/53 MP: 8/8
  4971 | D:4      | Reached skill level 5 in Axes
  4971 | D:4      | Reached skill level 5 in Dodging
  5623 | D:4      | Found a staircase to the Ecumenical Temple.
  5636 | Temple   | Entered the Ecumenical Temple
  5725 | Temple   | Became a worshipper of Gozag Ym Sagoz the Greedy
  6082 | D:5      | Reached XP level 7. HP: 53/59 MP: 10/10
  6211 | D:5      | Killed Eustachio
  6492 | D:5      | Reached skill level 10 in Stealth
  6807 | D:5      | Learned a level 3 spell: Mephitic Cloud
  6887 | D:6      | Found an iron altar of Okawaru.
  7128 | D:6      | Reached XP level 8. HP: 45/67 MP: 12/12
  7589 | D:6      | Noticed Duvessa
  7589 | D:6      | Noticed Dowan
  7593 | D:6      | Noticed a two-headed ogre
  7595 | D:6      | Noticed a two-headed ogre
  7596 | D:6      | Your ally Duvessa died
  7599 | D:6      | Your ally Dowan died
  7609 | D:6      | Killed a two-headed ogre
  7610 | D:6      | Reached XP level 9. HP: 73/73 MP: 12/14
  7738 | D:6      | Killed a two-headed ogre
  8374 | D:7      | Found a sand-covered staircase.
  8383 | Ossuary  | Entered an ossuary
  8647 | Ossuary  | Reached skill level 5 in Invocations
  9123 | D:7      | You fall into a shaft and drop 1 floor!
 10160 | D:8      | Noticed Pikel
 10209 | D:8      | Killed Pikel
 10210 | D:8      | Reached XP level 10. HP: 32/80 MP: 17/17
 10232 | D:8      | Learned a level 3 spell: Frozen Ramparts
 10239 | D:8      | Reached skill level 5 in Short Blades
 10239 | D:8      | Reached skill level 5 in Long Blades
 10239 | D:8      | Reached skill level 5 in Maces & Flails
 10239 | D:8      | Reached skill level 5 in Polearms
 10239 | D:8      | Reached skill level 5 in Staves
 10239 | D:8      | Reached skill level 5 in Slings
 10239 | D:8      | Reached skill level 5 in Bows
 10239 | D:8      | Reached skill level 5 in Crossbows
 10239 | D:8      | Reached skill level 5 in Throwing
 10239 | D:8      | Reached skill level 5 in Armour
 10239 | D:8      | Reached skill level 5 in Shields
 10239 | D:8      | Reached skill level 5 in Unarmed Combat
 10239 | D:8      | Reached skill level 5 in Spellcasting
 10239 | D:8      | Reached skill level 5 in Evocations
 10712 | D:8      | Learned a level 4 spell: Flame Wave
 10752 | D:8      | Learned a level 4 spell: Sticky Flame
 10896 | D:7      | Paralysed by a hornet for 3 turns
 11870 | D:7      | Found a runed translucent door.
 11872 | D:7      | Noticed Crazy Yiuf
 11880 | D:7      | Killed Crazy Yiuf
 12640 | D:8      | Reached skill level 11 in Stealth
 12970 | D:8      | Noticed a boulder beetle
 13325 | D:8      | Killed a boulder beetle
 13326 | D:8      | Reached XP level 11. HP: 47/87 MP: 9/19
 13894 | D:8      | Noticed Maggie
 13908 | D:8      | Killed Maggie
 14294 | D:9      | Noticed a two-headed ogre
 14300 | D:9      | Killed a two-headed ogre
 14301 | D:9      | Reached skill level 5 in Conjurations
 14301 | D:9      | Reached skill level 5 in Hexes
 14301 | D:9      | Reached skill level 5 in Summonings
 14301 | D:9      | Reached skill level 5 in Necromancy
 14301 | D:9      | Reached skill level 5 in Translocations
 14301 | D:9      | Reached skill level 5 in Transmutations
 14301 | D:9      | Reached skill level 5 in Fire Magic
 14301 | D:9      | Reached skill level 5 in Ice Magic
 14301 | D:9      | Reached skill level 5 in Air Magic
 14301 | D:9      | Reached skill level 5 in Earth Magic
 14301 | D:9      | Reached skill level 5 in Poison Magic
 14311 | D:9      | Learned a level 3 spell: Stone Arrow
 14315 | D:9      | Learned a level 3 spell: Confusing Touch
 14624 | D:9      | Noticed Erolcha
 14637 | D:9      | Killed Erolcha
 14935 | D:9      | Noticed a two-headed ogre
 14942 | D:9      | Killed a two-headed ogre
 15110 | D:9      | Paralysed by a hornet for 1 turns
 15116 | D:9      | Paralysed by a hornet for 2 turns
 15404 | D:9      | Noticed Gastronok
 15428 | D:9      | Killed Gastronok
 16065 | D:10     | Entered Level 10 of the Dungeon
 16554 | D:10     | Found a staircase to the Lair.
 16590 | D:10     | Noticed a red ugly thing
 16591 | D:10     | Found a corrupted altar of Lugonu.
 16592 | D:10     | Noticed a brown very ugly thing
 17132 | D:10     | Reached XP level 12. HP: 47/96 MP: 18/23
 17502 | D:10     | Found a transporter.
 17504 | D:10     | Found a transporter.
 17871 | D:11     | Noticed a two-headed ogre
 17887 | D:11     | Killed a two-headed ogre
 18494 | D:11     | Noticed a boulder beetle
 18522 | D:11     | Killed a boulder beetle
 19257 | Lair:1   | Entered Level 1 of the Lair of Beasts
 19274 | Lair:1   | Reached skill level 12 in Stealth
 19681 | Lair:1   | Reached skill level 10 in Fighting
 22115 | Lair:2   | Reached XP level 13. HP: 90/103 MP: 26/26
 23028 | Lair:3   | Learned a level 5 spell: Yara's Violent Unravelling
 23182 | Lair:3   | Reached skill level 10 in Spellcasting
 23373 | Lair:3   | Found a staircase to the Swamp.
 25038 | Lair:4   | Learned a level 4 spell: Summon Ice Beast
 25043 | Lair:4   | Found a staircase to the Snake Pit.
 26977 | Lair:5   | Identified the +1 robe of the Blessed Realm {rC+ Int-2
                  | Dex+2 Stlth+}
 27764 | Lair:5   | Reached skill level 10 in Axes
 27764 | Lair:5   | Reached skill level 10 in Dodging
 27771 | Lair:5   | Reached XP level 14. HP: 105/113 MP: 28/28
 27777 | Lair:6   | Entered Level 6 of the Lair of Beasts
 28365 | Lair:5   | Reached skill level 13 in Stealth
 29637 | Lair:5   | Reached skill level 10 in Invocations
 31189 | Lair:6   | Found a runed translucent door.
 31191 | Lair:6   | Found a viscous altar of Jiyva.
 31191 | Lair:6   | Found a staircase to the Slime Pits.
 31813 | D:4      | Killed royokou's ghost
 33100 | D:12     | Found a staircase to the Orcish Mines.
 33851 | D:13     | Found Piosown's Distillery.
 33851 | D:13     | Found Edesti's Armour Boutique.
 33903 | D:13     | Gained mutation: Your spells are a little harder to cast,
                  | but a little more powerful. [potion of mutation]
 33903 | D:13     | Lost mutation: Your spells are a little harder to cast, but
                  | a little more powerful. [potion of mutation]
 33903 | D:13     | Gained mutation: You occasionally shout uncontrollably at
                  | your foes. [potion of mutation]
 33903 | D:13     | Gained mutation: Your flesh is cold resistant. (rC+)
                  | [potion of mutation]
 33962 | D:13     | Reached XP level 15. HP: 67/120 MP: 31/31
 34453 | Orc:1    | Entered Level 1 of the Orcish Mines
 35664 | Orc:2    | Entered Level 2 of the Orcish Mines
 35810 | Orc:2    | Paralysed by an orc sorcerer for 4 turns
 35969 | Orc:2    | Reached skill level 10 in Short Blades
 35969 | Orc:2    | Reached skill level 10 in Long Blades
 35969 | Orc:2    | Reached skill level 10 in Maces & Flails
 35969 | Orc:2    | Reached skill level 10 in Polearms
 35969 | Orc:2    | Reached skill level 10 in Staves
 35969 | Orc:2    | Reached skill level 10 in Slings
 35969 | Orc:2    | Reached skill level 10 in Bows
 35969 | Orc:2    | Reached skill level 10 in Crossbows
 35969 | Orc:2    | Reached skill level 10 in Throwing
 35969 | Orc:2    | Reached skill level 10 in Armour
 35969 | Orc:2    | Reached skill level 10 in Shields
 35969 | Orc:2    | Reached skill level 10 in Unarmed Combat
 35969 | Orc:2    | Reached skill level 10 in Evocations
 36024 | Orc:2    | Noticed an orc warlord
 36027 | Orc:2    | Paralysed by an orc sorcerer for 3 turns
 36592 | Orc:2    | Found Kuusiekh's Distillery.
 37371 | Orc:2    | Found Zibreus's Antique Armour Boutique.
 37644 | Orc:2    | Found Sututu's Antique Weapon Shop.
 37649 | Orc:2    | Bought a jewelled battleaxe for 356 gold pieces
 37649 | Orc:2    | Identified the +5 battleaxe "Moel" {protect, Fragile +Blink
                  | Int+4} (You bought it in a shop on level 2 of the Orcish
                  | Mines)
 37715 | Orc:2    | Killed an orc warlord
 37917 | Orc:2    | Found a staircase to the Elven Halls.
 38211 | Orc:2    | Found Aregist's Jewellery Emporium.
 38220 | Orc:2    | Bought the ring of Zileen {rPois Dex+5} for 525 gold pieces
 38355 | Elf:1    | Entered Level 1 of the Elven Halls
 38376 | Elf:1    | HP: 5/180 [deep elf zephyrmancer/bolt of lightning (29)]
 38378 | Elf:1    | Mangled by a +0 vorpal battleaxe

Illustrated notes

Levels and vault maps discovered:
D:1:      minmay_arrival_stone_box, layout_basic, minmay_split_cup_small
D:2:      layout_loops_ring, hellmonk_ecumenical_altar_run_dry,
          kennysheep_potato
D:3:      layout_basic, portal_sewer_entry_a
D:4:      layout_gridville, temple_hall, gammafunk_ghost_necromancy,
          minmay_mini_ossuary
D:5:      layout_basic, uniq_eustachio
D:6:      kennysheep_big_flooded_room, layout_loops_ring,
          okawaru_metal_pillars_1_2, uniq_duvessa
D:7:      layout_cave_pods, enter_ossuary_1, uniq_crazy_yiuf_cottage
D:8:      layout_basic, minmay_manual_moon, uniq_pikel, uniq_maggie
D:9:      layout_basic, minmay_misc_feat_chi, uniq_erolcha, uniq_gastronok
D:10:     gammafunk_corrupted_shrine, layout_long_grid, dpeg_oklobed_lair,
          chequers_serial_rivers_micro_d
D:11:     layout_gridville
D:12:     layout_rooms, zombieorc1_lemuel
D:13:     minmay_the_grid_octo_triangle [minmay_the_grid_octo_concentric,
          minmay_the_grid_octo_prize_square_snowflake,
          minmay_the_grid_octo_pinwheel], layout_loops_cross,
          ximxim_vaults_locker_room, serial_shops, shop, shop,
          hangedman_tell_no_tales, uniq_frances, uniq_jorgrun
Temple:   mainiacjoe_temple_archimedes_tessellation
Lair:1:   layout_regular_city, portal_ice_cave_entry_ice_simulacra,
          cheibrodos_lair_reptile_den, grunt_megastairs_1, lemuel_fruit_fields
Lair:2:   layout_concentric_octagons, serial_bayou_pond_e, lemuel_fruit_tree
Lair:3:   layout_cave_pods, nicolae_swamp_entry_splash_gauntlet,
          gammafunk_lair_bear_cave, infiniplex_staircase_pool,
          serial_bayou_shore_a, lemuel_fruit_fields
Lair:4:   layout_cave_pods, guppyfry_snake_entry_garden, nicolae_lair_yak_garden
Lair:5:   layout_regular_city, grunt_forest_large_clearings
Lair:6:   gammafunk_lair_ancient_temple, layout_misc_corridors, slime_altar_2
Orc:1:    layout_caves, elves_outpost_lemuel
Orc:2:    grunt_orc_community_town_hall, layout_caves,
          grunt_orc_community_big_house_2, grunt_orc_community_big_house_2,
          grunt_orc_community_house_2, grunt_orc_community_house_3,
          grunt_orc_community_house_1, grunt_orc_community_house_3,
          grunt_orc_community_house_2
Elf:1:    minmay_elf_arrival_plus, layout_geoelf_grid, minmay_elf_sorcery,
          minmay_shop_star

Skill      XL: |  1  2  3  4  5  6  7  8  9 10 11 12 13 14 15 |
---------------+----------------------------------------------+-----
Stealth        | 10 11 12 13 | 13.7
Invocations    | 1 2 3 4 5 6 7 8 9 10 11 | 11.0
Short Blades   | 1 2 3 4 5 6 7 8 9 10 | 10.1
Long Blades    | 1 2 3 4 5 6 7 8 9 10 | 10.1
Maces & Flails | 1 2 3 4 5 6 7 8 9 10 | 10.1
Polearms       | 1 2 3 4 5 6 7 8 9 10 | 10.1
Staves         | 1 2 3 4 5 6 7 8 9 10 | 10.1
Slings         | 1 2 3 4 5 6 7 8 9 10 | 10.1
Bows           | 1 2 3 4 5 6 7 8 9 10 | 10.1
Crossbows      | 1 2 3 4 5 6 7 8 9 10 | 10.1
Throwing       | 1 2 3 4 5 6 7 8 9 10 | 10.1
Armour         | 1 2 3 4 5 6 7 8 9 10 | 10.1
Shields        | 1 2 3 4 5 6 7 8 9 10 | 10.1
Unarmed Combat | 1 2 3 4 5 6 7 8 9 10 | 10.1
Spellcasting   | 1 2 3 4 5 7 9 10 12 | 12.9
Evocations     | 1 2 3 4 5 6 7 8 9 10 | 10.1
Conjurations   | 1 2 3 4 5 6 7 8 |  8.4
Hexes          | 1 2 3 4 5 6 7 8 |  8.4
Summonings     | 1 2 3 4 5 6 7 8 |  8.4
Necromancy     | 1 2 3 4 5 6 7 8 |  8.4
Translocations | 1 2 3 4 5 6 7 8 |  8.4
Transmutations | 1 2 3 4 5 6 7 8 |  8.4
Fire Magic     | 1 2 3 4 5 6 7 8 |  8.4
Ice Magic      | 1 2 3 4 5 6 7 8 |  8.4
Air Magic      | 1 2 3 4 5 6 7 8 |  8.4
Earth Magic    | 1 2 3 4 5 6 7 8 |  8.4
Poison Magic   | 1 2 3 4 5 6 7 8 |  8.4
Axes           | 5 6 7 8 9 10 11 | 11.1
Dodging        | 5 6 7 8 9 10 11 | 11.1
Fighting       | 7 8 9 10 11 12 | 12.0

Action                   |  1- 3 |  4- 6 |  7- 9 | 10-12 | 13-15 || total
-------------------------+-------+-------+-------+-------+-------++-------
Melee: Hand axe          |    97 |   239 |   305 |    69 |       ||   710
       Bite              |     8 |    22 |    60 |    60 |    96 ||   246
       Punch             |     1 |    12 |    19 |     3 |       ||    35
       Quarterstaff      |       |       |       |   321 |   478 ||   799
       Battleaxe         |       |       |       |     7 |    51 ||    58
 Fire: Hunting sling     |       |       |       |     3 |       ||     3
Throw: Dart              |       |       |     3 |     1 |     1 ||     5
 Cast: Foxfire           |     9 |     3 |    17 |    78 |   256 ||   363
       Magic Dart        |       |       |    15 |    17 |    58 ||    90
       Frozen Ramparts   |       |       |       |    22 |    44 ||    66
       Sticky Flame      |       |       |       |    19 |    32 ||    51
       Flame Wave        |       |       |       |    13 |    39 ||    52
       Stone Arrow       |       |       |       |    10 |   111 ||   121
       Mephitic Cloud    |       |       |       |     3 |     2 ||     5
       Confusing Touch   |       |       |       |     1 |     1 ||     2
       Summon Ice Beast  |       |       |       |       |    17 ||    17
Invok: Potion Petition   |       |       |       |     2 |     1 ||     3
Evoke: Wand              |     3 |       |    17 |    15 |     4 ||    39
  Use: Scroll            |     6 |     8 |    10 |     7 |     7 ||    38
       Potion            |       |     1 |     3 |     7 |     3 ||    14
 Stab: Sleeping          |    13 |     8 |    13 |     5 |     3 ||    42
       Distracted        |       |     1 |       |    12 |    10 ||    23
       Paralysed         |       |       |    10 |     3 |       ||    13
       Confused          |       |       |       |     2 |       ||     2
Armor: Leather armour    |    20 |    53 |    78 |    29 |       ||   180
       Skin              |       |       |     6 |       |       ||     6
       Acid dragon scale |       |       |       |    71 |   215 ||   286
Dodge: Dodged            |    61 |   185 |   253 |   298 |   428 ||  1225

Table legend: (Time is in decaauts)
 A = Elapsed time spent in this place.
 B = Non-inter-level travel time spent in this place.
 C = Inter-level travel time spent in this place.
 D = Time resting spent in this place.
 E = Time spent auto-exploring this place.
 F = Levels seen in this place.
 G = Mean time per level.
                   A        B        C        D        E       F      G
               +--------+--------+--------+--------+--------+-----+--------+
         Total |  38377 |  36621 |   1756 |  14422 |  14653 |  24 | 1599.0 |
       Dungeon |  21515 |  20449 |   1066 |   7490 |   8547 |  13 | 1655.0 |
        Temple |    167 |     89 |     78 |      0 |     61 |   1 |  167.0 |
          Lair |  12411 |  12077 |    334 |   5191 |   5024 |   6 | 2068.5 |
  Orcish Mines |   3547 |   3270 |    277 |   1290 |    943 |   2 | 1773.5 |
   Elven Halls |     24 |     24 |      0 |      0 |      0 |   1 |   24.0 |
       Ossuary |    710 |    710 |      0 |    450 |     78 |   1 |  710.0 |
               +--------+--------+--------+--------+--------+-----+--------+

Top non-repeatable levels by time:
     D:8: 3248 daAuts
  Lair:5: 2845 daAuts
    D:12: 2383 daAuts
     D:7: 2189 daAuts
  Lair:4: 2186 daAuts
     D:4: 2117 daAuts
  Lair:3: 2074 daAuts
  Lair:6: 2044 daAuts
   Orc:2: 1950 daAuts
     D:9: 1825 daAuts
    D:10: 1816 daAuts
  Lair:1: 1768 daAuts
     D:3: 1726 daAuts
   Orc:1: 1596 daAuts
    D:11: 1567 daAuts
